 Dungeon Crawl Stone Soup version 0.20.1-1-g8b1a95d (webtiles) character file.

129191 HuneSparrow the Fencer (level 16, -12/151 HPs)
             Began as a Minotaur Fighter on July 8, 2017.
             Was the Champion of Trog.
             Killed from afar by a nagaraja (15 damage)
             ... with a poison arrow
             ... on level 4 of the Snake Pit on July 10, 2017.
             The game lasted 03:42:21 (25793 turns).

HuneSparrow the Fencer (Minotaur Fighter)          Turns: 25793, Time: 03:42:22

Health: -12/151    AC: 19    Str: 28    XL:     16   Next: 50%
Magic:  16/16      EV: 14    Int:  5    God:    Trog [******]
Gold:   734        SH: 18    Dex: 10    Spells: 15/15 levels left

rFire    + + +     SeeInvis .   A - +7 Maxwell's thermic engine {flame, freeze, rF- rC-}
rCold    . . .     Gourm    .   T - +2 shield of Resistance {rF+ rC+ MR+}
rNeg     . . .     Faith    .   g - +4 ring mail {rF+}
rPois    +         Spirit   .   (helmet unavailable)
rElec    .         Reflect  .   O - +1 cloak
rCorr    .         Harm     .   Y - +2 pair of gloves
MR       +++++                  y - +0 pair of boots
Stlth    ..........             X - amulet of regeneration
Regen    1.8/turn               (no ring)
MPRegen  0.2/turn               x - ring of Gedyr {*Slow rPois rF+++ MR++ EV+1}

@: lethally poisoned (-12 -> -24), regenerating, constricted
A: retaliatory headbutt, hooves 1, horns 3, high mp 1, magic resistance 1
a: Berserk, Trog's Hand, Brothers in Arms, Burn Spellbooks, Renounce Religion


You were on level 4 of the Snake Pit.
You worshipped Trog.
Trog was exalted by your worship.
You were not hungry.

You visited 6 branches of the dungeon, and saw 21 of its levels.
You also visited: Sewer and Ossuary.

You collected 2868 gold pieces.
You spent 2134 gold pieces at shops.

Inventory:

Hand Weapons
 a - a +3 antimagic demon blade
 A - the +7 Maxwell's thermic engine (weapon) {flame, freeze, rF- rC-}
   (You bought it in a shop on level 11 of the Dungeon)

   It has been specially enchanted to burn those struck by it, causing extra
   injury to most foes and up to half again as much damage against particularly
   susceptible opponents.
   Big, fiery blades are also staple armaments of hydra-hunters.
   It makes you vulnerable to fire.
   It makes you vulnerable to cold.
Armour
 g - a +4 ring mail of fire resistance (worn)
 y - a +0 pair of boots (worn)
 O - a +1 cloak (worn)
 T - the +2 shield of Resistance (worn) {rF+ rC+ MR+}
   (You bought it in a shop on level 2 of the Orcish Mines)

   It protects you from fire.
   It protects you from cold.
   It affects your resistance to hostile enchantments.
 Y - a +2 pair of gloves (worn)
Jewellery
 p - an uncursed ring of see invisible
 x - the ring of Gedyr (right hand) {*Slow rPois rF+++ MR++ EV+1}
   (You found it on level 4 of the Dungeon)

   [ring of evasion]

   It affects your evasion (+1).
   It renders you almost immune to fire.
   It protects you from poison.
   It affects your resistance to hostile enchantments.
   It may slow you when you take damage.
 J - a +3 ring of slaying
 W - an uncursed ring of resist corrosion
 X - an amulet of regeneration (around neck)
Wands
 e - a wand of clouds (4/9)
 r - a wand of random effects (9/48)
 z - a wand of flame (20/48)
 B - a wand of iceblast (13/15)
 N - a wand of disintegration (20/24)
 P - a wand of polymorph (8/24)
Scrolls
 b - a scroll of amnesia {unknown}
 i - 10 scrolls of teleportation
 j - 6 scrolls of enchant armour
 k - 5 scrolls of remove curse
 n - 3 scrolls of vulnerability {unknown}
 s - 2 scrolls of immolation
 u - 4 scrolls of enchant weapon {unknown}
 C - 3 scrolls of blinking {unknown}
 F - a scroll of noise {unknown}
 H - a scroll of summoning {unknown}
 K - 4 scrolls of fear
 L - 5 scrolls of recharging
 Q - 3 scrolls of silence {unknown}
 R - 5 scrolls of fog
 V - a scroll of brand weapon {unknown}
Potions
 d - 6 potions of might
 l - 2 potions of magic
 m - a potion of lignification
 o - 8 potions of agility
 q - 3 potions of haste
 t - 3 potions of ambrosia
 v - 2 potions of heal wounds
 w - 2 potions of berserk rage {unknown}
 D - 4 potions of curing
 G - 5 potions of cancellation
 I - 3 potions of resistance
 M - 3 potions of invisibility
 U - 2 potions of flight {unknown}
Miscellaneous
 Z - a phantom mirror
Comestibles
 c - 10 fruits
 f - 10 bread rations
 h - 9 royal jellies
 E - 7 meat rations


   Skills:
 + Level 15.8 Fighting
 + Level 18.7 Long Blades
 + Level 11.5 Armour
 + Level 11.7 Dodging
 + Level 18.5 Shields
 + Level 0.1 Evocations


You had 15 spell levels left.
You didn't know any spells.

Dungeon Overview and Level Annotations

Branches:
Dungeon (11/15)            Temple (1/1) D:7            Lair (2/6) D:11
  Swamp (0/4) Lair:2        Snake (4/4) Lair:2          Orc (2/2) D:10
    Elf (1/3) Orc:2

Altars:
Ashenzari
Cheibriados
Dithmenos
Elyvilon
Fedhas
Gozag
Hepliaklqana
Kikubaaqudgha
Makhleb
Nemelex Xobeh
Okawaru
Qazlal
Ru
Sif Muna
Trog
Uskayaw
Vehumet
Xom
Yredelemnul
Zin
The Shining One
Beogh

Shops:
D:6 (*   D:11 ((=}   Orc:1 *   Orc:2 ([*:   Elf:1 }*   Snake:3 :


Innate Abilities, Weirdness & Mutations

You reflexively headbutt those who attack you in melee.
You have a pair of large horns on your head.
You have large cloven feet.
You have an increased reservoir of magic. (+10% MP)
You are resistant to hostile enchantments. (MR+)


Message History

The splash of poison hits you!
You are more poisoned.
You resist. The nagaraja closely misses you.
The nagaraja's grasp on you weakens, but your attempt to escape fails.
* * * LOW HITPOINT WARNING * * *
You feel very sick.
The nagaraja hits you but does no damage.
* * * LOW HITPOINT WARNING * * *
The nagaraja constricts you.
The nagaraja points at you and mumbles some strange words.
The bolt of poison hits you! You resist.
* * * LOW HITPOINT WARNING * * *
The nagaraja hits you but does no damage.
You block the nagaraja's attack. The nagaraja closely misses you.
The naga warrior completely misses you. The nagaraja casts a spell at you.
The poison arrow hits you!
You are more poisoned.
You partially resist.
You die... **,,,,,,,,,,,***,,,****,,,,,,,,,, *,,,,,,,,,,,,,,*.#....,,,,,,,,,* ****,,,,,,,,,,,,..N..,,,,,,,,*** ****,,,,,,,,,....,,,,,,**** *****,,,,,N..,,**,*** *****,..******* ########### ###N#*############# #.........# #NNN#

#...##....... #.........###N@##
#....##..#..# #....####'##..N)#
*#..###.#.###
#....###...##...## #...##...##.
##...##8..†8##...####..##......
#...#....†..#N...##...........
##(.#.<.8.<.#....#)...........
##..#.......#.#.).P##......#..
#...##8...8#####..≈P....))..##
##...##...##.# #.P≈≈≈≈PP.....#


You could see 2 naga warriors, 5 nagarajas, a naga ritualist (inner flame) and a
naga mage.

Vanquished Creatures
  8 nagarajas
  An orc warlord (Orc:2)
  A deep elf sorcerer (Elf:1)
  The ghost of Peloso the Peltast, a journeyman MiFi of Okawaru (D:11)
  A deep elf high priest (Elf:1)
  Josephine (Orc:2)
  Harold (Orc:1)
  16 naga warriors
  Erolcha (Orc:1)
  10 anacondas
  A tengu warrior (D:10)
  4 dancing weapons (Elf:1)
  6 two-headed ogres
  Urug (D:10)
  3 death yaks (D:10)
  4 orc high priests (Orc:2)
  5 naga sharpshooters
  7 shock serpents
  3 deep elf knights (Elf:1)
  2 salamander mystics
  A sea snake (Snake:4)
  9 naga ritualists
  19 deep elf magi (Elf:1)
  The ghost of Cral the Destroyer, a novice DEFE (D:6)
  6 deep elf archers (Elf:1)
  6 orc knights
  12 mana vipers
  15 salamanders
  3 orc sorcerers (Orc:2)
  A cyclops (Orc:1)
  Maurice (Orc:1)
  13 naga magi
  7 guardian serpents
  39 black mambas
  2 spiny frogs
  2 komodo dragons
  A troll (Orc:2)
  2 hippogriffs
  A hornet (D:11)
  4 wraiths
  30 yaks
  A fire elemental (Elf:1)
  A hungry ghost (D:10)
  5 wargs
  Menkaure (Ossuary)
  Edmund (D:4)
  50 nagas
  4 water moccasins
  3 porcupines
  36 orc warriors
  Purgy (Sewer)
  3 black bears
  2 ice beasts (D:7)
  2 eyes of draining
  A phantom (D:4)
  A sky beast (D:5)
  A necrophage (D:9)
  9 ogres
  3 centaurs
  4 crocodiles (Lair:1)
  8 bullfrogs
  2 gnoll sergeants
  4 scorpions
  9 killer bees
  4 howler monkeys
  5 crimson imps
  18 orc priests
  A bullfrog skeleton (D:4)
  A bullfrog zombie (D:5)
  11 hounds
  3 jellies
  37 orc wizards
  6 iguanas
  8 worker ants
  A hound zombie (D:7)
  4 hound skeletons
  A howler monkey zombie (D:5)
  3 mummies (Ossuary)
  A howler monkey skeleton (D:7)
  16 gnolls
  11 adders
  A river rat (D:11)
  A shadow imp (D:5)
  An ooze (D:1)
  4 worms
  3 leopard geckos
  101 orcs
  5 ball pythons
  4 bats
  8 giant cockroaches
  6 goblins
  5 hobgoblins
  13 jackals
  5 quokkas
  5 frilled lizards
  3 gnoll skeletons (Ossuary)
  A gnoll zombie (Ossuary)
  3 goblin skeletons (Ossuary)
  4 hobgoblin skeletons (Ossuary)
  3 hobgoblin zombies (Ossuary)
  10 kobolds
  A kobold skeleton (Ossuary)
  5 kobold zombies (Ossuary)
  3 orc skeletons (Ossuary)
  4 orc zombies (Ossuary)
  7 rats
  4 rat skeletons (Ossuary)
  A rat zombie (Ossuary)
  2 fungi (Lair:1)
  2 plants (Lair:2)
750 creatures vanquished.

Vanquished Creatures (collateral kills)
  A nagaraja (Snake:2)
1 creature vanquished.

Vanquished Creatures (others)
  A deep elf mage (Elf:1)
  2 gnolls (Orc:2)
  2 orcs (Orc:2)
  A gnoll skeleton (Ossuary)
  A gnoll zombie (Ossuary)
  2 hobgoblin zombies (Ossuary)
  A kobold skeleton (Ossuary)
  3 kobold zombies (Ossuary)
  5 orc skeletons (Ossuary)
  An orc zombie (Ossuary)
  4 rat zombies (Ossuary)
  A plant (Snake:4)
24 creatures vanquished.

Grand Total: 775 creatures vanquished

Notes
Turn   | Place    | Note
-------+----------+-------------------------------------------
     0 | D:1      | HuneSparrow the Minotaur Fighter began the quest for the Orb.
     0 | D:1      | Reached XP level 1. HP: 19/19 MP: 0/0
   139 | D:1      | Reached XP level 2. HP: 27/27 MP: 1/1
   304 | D:1      | Found a sparkling altar of Nemelex Xobeh.
   904 | D:2      | Reached XP level 3. HP: 33/33 MP: 2/2
  1137 | D:2      | Found an iron altar of Okawaru.
  1789 | D:2      | Found a faded altar of an unknown god.
  1997 | D:3      | Reached XP level 4. HP: 40/40 MP: 3/3
  2211 | D:3      | Reached skill level 1 in Dodging
  3019 | D:4      | Reached XP level 5. HP: 46/46 MP: 4/4
  3242 | D:4      | Reached skill level 5 in Armour
  3345 | D:4      | Got a twitching wooden ring
  3347 | D:4      | Identified the ring of Gedyr {*Slow rPois rF+++ MR++ EV+1} (You found it on level 4 of the Dungeon)
  3520 | D:4      | Reached skill level 5 in Long Blades
  3520 | D:4      | Reached skill level 5 in Shields
  3520 | D:4      | Reached XP level 6. HP: 42/52 MP: 5/5
  3638 | D:4      | Noticed Edmund
  3682 | D:4      | Killed Edmund
  3828 | D:4      | Found a radiant altar of Vehumet.
  4026 | D:4      | Reached XP level 7. HP: 56/60 MP: 6/6
  4208 | D:5      | Entered Level 5 of the Dungeon
  4233 | D:5      | Found a glowing drain.
  4347 | Sewer    | Entered a sewer
  4375 | Sewer    | Noticed Purgy
  4381 | Sewer    | Killed Purgy
  4408 | Sewer    | Got an ancient marble ring
  4411 | Sewer    | Identified the cursed ring of Gonwexui {Str-6 Int+3} (You found it in a sewer)
  4736 | D:5      | Found a blossoming altar of Fedhas.
  4892 | D:5      | Reached skill level 5 in Fighting
  4892 | D:5      | Reached XP level 8. HP: 51/68 MP: 7/7
  5018 | D:5      | Found a deep blue altar of Sif Muna.
  5538 | D:6      | Found Bokeliall's Antique Weapon Boutique.
  5590 | D:6      | Noticed Cral's ghost (novice DEFE)
  5610 | D:6      | Killed Cral's ghost
  5610 | D:6      | Reached skill level 10 in Long Blades
  5815 | D:6      | Found Axatiu Laym's Assorted Antiques.
  5818 | D:6      | Bought a potion of heal wounds for 115 gold pieces
  5818 | D:6      | Bought 2 fizzy silvery potions for 41 gold pieces
  5819 | D:6      | Bought 3 scrolls labeled QOONOV LIDERA for 69 gold pieces
  5819 | D:6      | Bought a yellow potion for 20 gold pieces
  5919 | D:6      | Reached XP level 9. HP: 74/74 MP: 8/8
  6075 | D:7      | Found a sand-covered staircase.
  6093 | Ossuary  | Entered an ossuary
  6357 | Ossuary  | Noticed Menkaure
  6359 | Ossuary  | Killed Menkaure
  7381 | D:7      | Found a staircase to the Ecumenical Temple.
  7390 | Temple   | Entered the Ecumenical Temple
  7480 | Temple   | Became a worshipper of Trog the Wrathful
  8197 | D:8      | Noticed a two-headed ogre
  8207 | D:8      | Killed a two-headed ogre
  8207 | D:8      | Reached XP level 10. HP: 54/86 MP: 1/9
  8495 | D:8      | Noticed a two-headed ogre
  8506 | D:8      | Killed a two-headed ogre
  8691 | D:8      | Noticed a two-headed ogre
  8702 | D:8      | Killed a two-headed ogre
  9404 | D:8      | Found a sparkling altar of Nemelex Xobeh.
  9510 | D:9      | Got a translucent large shield
  9521 | D:9      | Identified the cursed +0 large shield of Beogh's Esteem {Dex+3} (You found it on level 9 of the Dungeon)
  9541 | D:9      | Reached * piety under Trog
  9542 | D:9      | Found a shattered altar of Ashenzari.
  9601 | D:9      | Noticed a two-headed ogre
  9608 | D:9      | Killed a two-headed ogre
 10096 | D:9      | Reached ** piety under Trog
 10452 | D:9      | Reached XP level 11. HP: 94/94 MP: 10/10
 10489 | D:9      | Found a roughly hewn altar of Beogh.
 10725 | D:10     | Entered Level 10 of the Dungeon
 10883 | D:10     | Noticed Urug
 10895 | D:10     | Killed Urug
 10895 | D:10     | Reached skill level 5 in Dodging
 11030 | D:10     | Noticed a two-headed ogre
 11052 | D:10     | Killed a two-headed ogre
 11075 | D:10     | Reached skill level 10 in Shields
 11166 | D:10     | Found a staircase to the Orcish Mines.
 11396 | D:10     | Noticed a tengu warrior
 11413 | D:10     | Killed a tengu warrior
 11639 | Orc:1    | Entered Level 1 of the Orcish Mines
 11641 | Orc:1    | Noticed an orc knight
 11656 | D:10     | Reached *** piety under Trog
 11804 | D:10     | Killed an orc knight
 11903 | Orc:2    | Entered Level 2 of the Orcish Mines
 11903 | Orc:2    | Noticed an orc knight
 11914 | Orc:2    | Noticed Maurice
 12118 | Orc:2    | Killed an orc knight
 12484 | Orc:2    | Noticed an orc knight
 12500 | Orc:1    | Found Ziff's General Store.
 12523 | Orc:1    | Killed Maurice
 12523 | Orc:1    | Reached **** piety under Trog
 12544 | Orc:1    | Bought a +2 pair of gloves for 181 gold pieces
 12544 | Orc:1    | Bought a scroll of teleportation for 33 gold pieces
 12616 | Orc:1    | Noticed Harold
 12627 | Orc:1    | Killed Harold
 12655 | Orc:1    | Noticed Erolcha
 12655 | Orc:1    | Noticed a two-headed ogre
 12667 | Orc:1    | Killed a two-headed ogre
 12671 | Orc:1    | Killed Erolcha
 12894 | Orc:2    | Killed an orc knight
 12894 | Orc:2    | Reached XP level 12. HP: 104/106 MP: 11/11
 12940 | Orc:2    | Reached skill level 10 in Fighting
 13032 | Orc:2    | Noticed Josephine
 13124 | Orc:1    | Reached ***** piety under Trog
 13253 | Orc:2    | Killed Josephine
 13254 | Orc:2    | Received a gift from Trog
 13567 | Orc:2    | Found a staircase to the Elven Halls.
 13615 | Orc:2    | Noticed an orc high priest
 13878 | Orc:2    | Killed an orc high priest
 13892 | Orc:2    | Reached skill level 15 in Long Blades
 14125 | Orc:2    | Noticed an orc high priest
 14373 | Orc:2    | Killed an orc high priest
 14860 | Orc:2    | Noticed an orc warlord
 14889 | Orc:2    | Killed an orc warlord
 14908 | Orc:2    | Noticed an orc high priest
 14908 | Orc:2    | Noticed an orc high priest
 14938 | Orc:2    | Killed an orc high priest
 15146 | Orc:2    | Found Vyschimepp's General Store.
 15147 | Orc:2    | Found Geufeubu's Book Emporium.
 15149 | Orc:2    | Found Rigumu's Antique Armour Emporium.
 15149 | Orc:2    | Found Zeunuem's Antique Weapon Shoppe.
 15154 | Orc:2    | Bought a scroll of identify for 26 gold pieces
 15164 | Orc:2    | Bought the +2 shield of Resistance {rF+ rC+ MR+} for 1027 gold pieces
 15280 | Orc:2    | Killed an orc high priest
 15280 | Orc:2    | Reached XP level 13. HP: 100/116 MP: 10/12
 15696 | Elf:1    | Entered Level 1 of the Elven Halls
 16668 | Elf:1    | Found Juvvobeg's Gadget Shop.
 16761 | Elf:1    | Gained mutation: You have sharp fingernails. [potion of mutation]
 16761 | Elf:1    | Gained mutation: You are somewhat resistant to further mutation. [potion of mutation]
 16762 | Elf:1    | Lost mutation: You are somewhat resistant to further mutation. [potion of mutation]
 16762 | Elf:1    | Lost mutation: You have sharp fingernails. [potion of mutation]
 16762 | Elf:1    | Gained mutation: You have an increased reservoir of magic. (+10% MP) [potion of mutation]
 16762 | Elf:1    | Gained mutation: You are resistant to hostile enchantments. (MR+) [potion of mutation]
 16762 | Elf:1    | Gained mutation: You have large cloven feet. [potion of mutation]
 16762 | Elf:1    | Gained mutation: You have a pair of large horns on your head. [potion of mutation]
 16982 | Elf:1    | Noticed a deep elf sorcerer
 16991 | Elf:1    | Killed a deep elf sorcerer
 17069 | Elf:1    | Reached skill level 15 in Shields
 17071 | Elf:1    | Reached ****** piety under Trog
 17297 | Elf:1    | Found Gecvu's General Store.
 17302 | Elf:1    | Bought a scroll of identify for 30 gold pieces
 17326 | Elf:1    | Received a gift from Trog
 17343 | Elf:1    | Got a pitted falchion {god gift}
 17344 | Elf:1    | Identified the +6 falchion "Vevakkus" {freeze, rF++} (Trog gifted it to you on level 1 of the Elven Halls)
 17616 | D:11     | Found Zoille's Gadget Emporium.
 17659 | D:11     | Found Eddysy's Weapon Shop.
 17661 | D:11     | Found Edihepeifo's Weapon Shop.
 17685 | D:11     | Noticed Peloso's ghost (journeyman MiFi)
 17747 | D:10     | Reached XP level 14. HP: 78/127 MP: 14/14
 17841 | D:11     | Killed Peloso's ghost
 17841 | D:11     | Reached skill level 10 in Armour
 17955 | D:11     | Found a staircase to the Lair.
 18098 | D:11     | Found Idwiu's Jewellery Emporium.
 18275 | D:11     | Bought the +2 Maxwell's thermic engine {flame, freeze, rF- rC-} for 592 gold pieces
 18300 | Lair:1   | Entered Level 1 of the Lair of Beasts
 19236 | Lair:1   | Received a gift from Trog
 19520 | Lair:2   | Found a staircase to the Snake Pit.
 19785 | Lair:2   | Found a staircase to the Swamp.
 20055 | Snake:1  | Entered Level 1 of the Snake Pit
 21448 | Snake:1  | Reached skill level 10 in Dodging
 21888 | Snake:2  | Reached XP level 15. HP: 124/137 MP: 15/15
 21920 | Snake:2  | Received a gift from Trog
 22288 | Snake:2  | Noticed a nagaraja
 22320 | Snake:2  | Noticed a nagaraja
 22444 | Snake:2  | Killed a nagaraja
 22525 | Snake:2  | Noticed a nagaraja
 22641 | Snake:1  | Killed a nagaraja
 22781 | Snake:2  | Noticed a nagaraja
 22796 | Snake:2  | Killed a nagaraja
 22814 | Snake:2  | Killed a nagaraja
 22978 | Snake:2  | Noticed a nagaraja
 23110 | Snake:2  | Killed a nagaraja
 23592 | Snake:3  | Found Xary's Book Shop.
 23842 | Snake:2  | Received a gift from Trog
 24651 | Snake:3  | Reached skill level 15 in Fighting
 24657 | Snake:3  | Reached XP level 16. HP: 148/149 MP: 16/16
 24892 | Snake:4  | Entered Level 4 of the Snake Pit
 25339 | Snake:4  | Received a gift from Trog
 25793 | Snake:4  | HP: 7/151 [poisoned by a naga warrior (splash of poison)]
 25793 | Snake:4  | HP: 3/151 [nagaraja/bolt of poison (1)]
 25793 | Snake:4  | Killed from afar by a nagaraja

Skill      XL: |  1  2  3  4  5  6  7  8  9 10 11 12 13 14 15 16 |
---------------+-------------------------------------------------+-----
Armour         | 4 5 6 7 8 9 10 11 | 11.5
Shields        | 4 5 6 8 9 11 13 15 16 17 18 | 18.5
Fighting       | 4 5 7 8 9 11 12 13 15 | 15.8
Long Blades    | 4 5 6 7 10 12 14 15 16 17 18 | 18.7
Dodging        | 1 2 3 4 6 7 8 10 11 | 11.7
Evocations     | |  0.1

Action                   |  1- 3 |  4- 6 |  7- 9 | 10-12 | 13-15 | 16-18 || total
-------------------------+-------+-------+-------+-------+-------+-------++-------
Melee: Long sword        |    92 |   178 |   378 |   770 |   261 |       ||  1679
       Headbutt          |    10 |    33 |    81 |   186 |   201 |    40 ||   551
       Double sword      |       |       |       |       |   593 |   170 ||   763
Invok: Berserk           |       |       |       |     7 |     3 |       ||    10
       Burn Spellbooks   |       |       |       |     1 |     1 |       ||     2
       Trog's Hand       |       |       |       |       |     3 |     1 ||     4
       Brothers in Arms  |       |       |       |       |     2 |       ||     2
Evoke: Wand              |       |       |       |       |     1 |       ||     1
  Use: Potion            |       |     1 |       |     2 |    10 |     3 ||    16
       Scroll            |       |       |     7 |     3 |    15 |     3 ||    28
  Eat: Chunk             |     3 |     7 |    14 |    24 |    29 |     4 ||    81
       Bread ration      |       |       |       |     1 |       |       ||     1
       Fruit             |       |       |       |     1 |     7 |       ||     8
Armor: Scale mail        |    45 |    30 |       |       |       |       ||    75
       Ring mail         |       |     9 |    98 |   111 |   154 |    40 ||   412
       Skin              |       |       |       |       |     8 |       ||     8
Dodge: Dodged            |    22 |    67 |   112 |   131 |   270 |    78 ||   680
Block: Shield            |    54 |    94 |   149 |    18 |   470 |   136 ||   921
       Large shield      |       |       |       |   467 |    18 |       ||   485
       Rpst.: Long sword |     9 |    17 |    24 |    31 |    11 |       ||    92
       Double sword      |       |       |       |       |    44 |    11 ||    55
